 Dungeon Crawl Stone Soup version 0.26.0-45-g9c1d065592 (webtiles) character file.

Game seed: 16135480403159806734

127 kaeus the Skirmisher (level 4, -11/37 HPs)
             Began as a Demonspawn Fighter on Jan 28, 2021.
             Mangled by a gnoll
             ... wielding a +0 halberd
              (13 damage)
             ... on level 4 of the Dungeon.
             The game lasted 00:01:43 (2240 turns).

kaeus the Skirmisher (Demonspawn Fighter)           Turns: 2240, Time: 00:01:43

Health: -11/37     AC:  8    Str: 18    XL:     4   Next: 85%
Magic:  4/4        EV:  7    Int:  9    God:
Gold:   138        SH:  9    Dex: 12    Spells: 3/3 levels left

rFire    . . .     SeeInvis .   a - +0 war axe
rCold    + . .     Faith    .   c - +0 kite shield
rNeg     . . .     Spirit   .   b - +0 scale mail
rPois    .         Reflect  .   (no helmet)
rElec    .         Harm     .   (no cloak)
rCorr    .         Rampage  .   (no gloves)
Will     .....                  (no boots)
Stlth    ..........             (no amulet)
HPRegen  0.12/turn              p - ring of protection from cold
MPRegen  0.09/turn              (no ring)

@: no status effects
A: yellow scales 1
a: no special abilities


You were on level 4 of the Dungeon.
You visited 1 branch of the dungeon, and saw 4 of its levels.

You collected 138 gold pieces.

Inventory:

Hand Weapons
 a - a +0 war axe (weapon)
Armour
 b - a +0 scale mail (worn)
 c - a +0 kite shield (worn)
Jewellery
 p - a ring of protection from cold (left hand)
 q - an uncursed ring of see invisible {unknown}
Wands
 r - a wand of acid (12)
Scrolls
 f - 2 scrolls of magic mapping {unknown}
 g - a scroll of immolation {unknown}
 i - 4 scrolls of identify {unknown}
 j - 2 scrolls of remove curse {unknown}
 l - 2 scrolls of teleportation {unknown}
 m - a scroll of amnesia {unknown}
 n - 2 scrolls of enchant armour {unknown}
 o - a scroll of enchant weapon {unknown}
Potions
 d - a potion of might
 e - 2 potions of ambrosia {unknown}
 h - a potion of flight {unknown}
 k - a potion of mutation {unknown}
 s - a potion of lignification {unknown}


   Skills:
 + Level 3.8 Fighting
 + Level 2.7 Axes
 + Level 3.4 Armour
 + Level 3.4 Shields


You had 3 spell levels left.
You didn't know any spells.
Your spell library was empty.

Dungeon Overview and Level Annotations

Branches:
Dungeon (3/15)

Altars:
Fedhas

Shops:
D:4 [*[?


Innate Abilities, Weirdness & Mutations

You are partially covered in yellow scales. (AC +2)


Message History

There are monsters nearby!
You hit the gnoll.
The gnoll is lightly wounded.
You block the gnoll's attack. The gnoll closely misses you.
You closely miss the gnoll.
The gnoll is lightly wounded.
The gnoll hits you with a cursed -1 halberd.
* * * LOW HITPOINT WARNING * * *
The gnoll hits you from afar with a +0 halberd.
* * * LOW HITPOINT WARNING * * *
You completely miss the gnoll.
The gnoll is lightly wounded.
The gnoll hits you with a cursed -1 halberd.
* * * LOW HITPOINT WARNING * * *
The gnoll hits you but does no damage. You block the gnoll's attack. x2
You slash the gnoll!
The gnoll is severely wounded.
You block the gnoll's attack.
The gnoll hits you from afar with a +0 halberd!
You die...

.# .. .. #. #g
#g ≈# ####g####
≈≈#.# #....@..#
≈≈#.# #.##..#.#
###≈#.#
##....###.#≈#.#
###
#.......'.#≈#.##
#'.
##....###......#
### #..#.#
##.[...# #.##.#
##....# ... ..#
##...# ###. ###
##'##


You could see 3 gnolls.

Vanquished Creatures
  A centaur skeleton (D:4)
  A gnoll (D:4)
  4 adders
  2 worms
  2 leopard geckos
  8 bats
  3 giant cockroaches
  7 goblins (D:1)
  4 hobgoblins
  2 quokkas (D:3)
  A ball python skeleton (D:4)
  3 frilled lizards
  9 kobolds
  4 rats
51 creatures vanquished.

Vanquished Creatures (others)
  A plant (D:4)
1 creature vanquished.

Grand Total: 52 creatures vanquished

Notes
Turn   | Place    | Note
-------+----------+-------------------------------------------
     0 | D:1      | kaeus the Demonspawn Fighter began the quest for the Orb.
     0 | D:1      | Reached XP level 1. HP: 18/18 MP: 1/1
   131 | D:1      | Gained mutation: You are partially covered in yellow
                  | scales. (AC +2) [demonic ancestry]
   131 | D:1      | Reached XP level 2. HP: 17/24 MP: 2/2
   914 | D:2      | Reached XP level 3. HP: 29/29 MP: 3/3
  1202 | D:2      | Found a blossoming altar of Fedhas.
  1593 | D:3      | You fall into a shaft and drop 1 floor!
  1594 | D:4      | Found Uredgh's Magic Scroll Shoppe.
  1659 | D:4      | Found Dire's Antique Armour Emporium.
  1690 | D:4      | Found Bihees's Antique Armour Emporium.
  1840 | D:4      | Reached XP level 4. HP: 35/35 MP: 4/4
  1992 | D:4      | Found Cok Mihe's Assorted Antiques.
  2240 | D:4      | Mangled by a gnoll

Illustrated notes

Levels and vault maps discovered:
D:1:      heliophobic_arrival_glass_houses, layout_rooms,
          amcnicky_mini_rare_corridor_liquid
D:2:      layout_basic, fedhas_altar_fruit_tree
D:3:      layout_rooms, nicolae_overflow_crystal_walls, lemuel_doored_altar,
          st_stairs_14, uniq_sigmund
D:4:      layout_loops_corners, serial_shops, kennysheep_mini_moat,
          nicolae_shop_overgrown_old_shop, kennysheep_little_box,
          nicolae_shop_window_shopping, serial_rivers,
          chequers_serial_rivers_large_b, chequers_serial_rivers_marsh,
          chequers_serial_rivers_micro_c, chequers_serial_rivers_marsh,
          nicolae_gozag_zags_fifth_avenue

Skill      XL: |  1  2 |
---------------+-------+-----
Axes           | 2 |  2.7
Armour         | 3 |  3.4
Shields        | 3 |  3.4
Fighting       | |  3.8

Action                   |  1- 3 |  4- 6 || total
-------------------------+-------+-------++-------
Melee: War axe           |   156 |    41 ||   197
Armor: Scale mail        |    87 |    17 ||   104
Dodge: Dodged            |    48 |    20 ||    68
Block: Kite shield       |    88 |    26 ||   114
